 Dungeon Crawl Stone Soup version 0.17-a0-977-g4154171 (webtiles) character file.

187 sugabear the Shield-Bearer (level 5, -7/33 HPs)
             Began as a Gargoyle Fighter on May 10, 2015.
             Mangled by an ogre
             ... wielding a +0 giant club
              (11 damage)
             ... on level 4 of the Dungeon.
             The game lasted 00:03:39 (2757 turns).

sugabear the Shield-Bearer (Gargoyle Fighter)       Turns: 2757, Time: 00:03:39

Health: -7/33      AC: 11    Str: 21    XL:     5   Next: 66%
Magic:  5/5        EV:  8    Int:  8    God:
Gold:   96         SH:  9    Dex:  9    Spells: 0 memorised, 4 levels left

rFire  . . .     SeeInvis .     a - +0 war axe
rCold  . . .     Clarity  .     b - +0 scale mail
rNeg   + . .     SustAb   .     c - +0 shield
rPois  ∞         Gourm    .     (no helmet)
rElec  +         Spirit   .     (no cloak)
rCorr  +         Warding  .     (no gloves)
rMut   .         Stasis   .     (no boots)
MR     .....                    n - amulet of resist corrosion
Stlth  ..........               (no ring)
                                (no ring)

@: not resistant to hostile enchantments, extremely unstealthy
A: negative energy resistance 1, electricity resistance, unbreathing,
petrification resistance, rot immunity, AC +4
a: no special abilities


You were on level 4 of the Dungeon.
You were not hungry.

You visited 1 branch of the dungeon, and saw 4 of its levels.

You collected 96 gold pieces.

Inventory:

Hand weapons
 a - a +0 war axe (weapon)
Armour
 b - a +0 scale mail (worn)
 c - a +0 shield (worn)
Jewellery
 n - an amulet of resist corrosion (around neck)
 u - an uncursed amulet of resist mutation
Scrolls
 f - 5 scrolls of identify {unknown}
 h - 2 scrolls of enchant armour {unknown}
 i - a scroll of fog {unknown}
 k - 4 scrolls of teleportation {unknown}
 q - a scroll of enchant weapon {unknown}
 v - a scroll of magic mapping {unknown}
Potions
 d - 2 potions of might
 g - 2 potions of curing {unknown}
 j - 2 potions of lignification {unknown}
 l - a potion of resistance {unknown}
 o - a potion of mutation {unknown}
 r - a potion of haste {unknown}
 t - a potion of flight {unknown}
Comestibles
 e - 2 bread rations
 m - a slice of pizza
 p - a beef jerky
 s - 6 chunks of flesh


   Skills:
 + Level 4.1 Fighting
 + Level 2.4 Axes
 + Level 4.1 Armour
 + Level 1.4 Dodging
 + Level 0.5 Stealth
 + Level 4.7 Shields


You had 4 spell levels left.
You didn't know any spells.

Dungeon Overview and Level Annotations

Branches:
Dungeon (4/15)
 Temple: D:4-7

Altars:
Zin


Innate Abilities, Weirdness & Mutations

You are resistant to torment.
Your stone body is resilient (AC +4).
You are immune to poison.
You resist negative energy.
You are resistant to electric shocks.
You can survive without breathing.
You are immune to petrification.
You are immune to rotting.


Message History

You hit the ogre.
The ogre is lightly wounded.
The ogre hits you with a giant club!
You hit the ogre.
The ogre is lightly wounded.
The ogre hits you with a giant club!
You slash the ogre!
The ogre is moderately wounded.
You block the ogre's attack.
Your shield and scale mail prevent you from hitting the ogre.
The ogre is moderately wounded.
The ogre hits you with a giant club!
* * * LOW HITPOINT WARNING * * *
You are too injured to fight recklessly!
Unknown command.
You are too injured to fight recklessly!
There is an open door here.
You aren't carrying any items that can be evoked.
The ogre hits you with a giant club!
You die...

## ############ .# #..........#
.# .# #..........# .# .
.############..........# .####.
.......................####^...?.
.......................#.........
.......................#...[.....
................@O.....'...>.....
.......................#....>....
.....))................+.........
......)......###########.........
.....).......# #.........
.............# #....?....
############## #.........
.......... ...........


You could see an ogre.

Vanquished Creatures
  An orc wizard (D:4)
  7 adders
  2 oozes (D:1)
  2 worms (D:2)
  2 giant geckos (D:3)
  7 orcs
  2 giant cockroaches (D:1)
  12 hobgoblins
  A jackal (D:2)
  3 quokkas
  A ball python (D:1)
  12 bats
  2 giant newts (D:3)
  8 goblins
  6 kobolds
  A quokka skeleton (D:4)
  11 rats
80 creatures vanquished.

Notes
Turn   | Place    | Note
--------------------------------------------------------------
     0 | D:1      | sugabear, the Gargoyle Fighter, began the quest for the Orb.
     0 | D:1      | Reached XP level 1. HP: 14/14 MP: 1/1
   261 | D:1      | Reached XP level 2. HP: 16/19 MP: 2/2
   563 | D:1      | Reached XP level 3. HP: 24/24 MP: 3/3
   977 | D:2      | Reached skill level 4 in Fighting
   977 | D:2      | Reached XP level 4. HP: 9/29 MP: 4/4
  1615 | D:2      | Found a glowing silver altar of Zin.
  1866 | D:3      | Reached skill level 1 in Dodging
  2517 | D:4      | Reached XP level 5. HP: 29/33 MP: 5/5
  2740 | D:4      | Noticed an ogre
  2757 | D:4      | Mangled by an ogre

Vault maps used:
D:1:      dpeg_arrival_round_c, minmay_misc_feat_rows, minmay_shallow_snake_nest
D:2:      zin_scriptorium, minmay_box_of_dots
D:3:      first_bread, st_stairs_8, minmay_misc_feat_ornament

Action                   |  1- 3 |  4- 6 || total
-------------------------+-------+-------++-------
Melee: War axe           |   125 |   171 ||   296
  Eat: Chunk             |       |     7 ||     7
